 Dungeon Crawl Stone Soup version 0.26.0-10-g1f06aea511 (webtiles) character file.

Game seed: 782705553645369110

3444 Borgoz the Slasher (level 10, -13/84 HPs)
             Began as a Ghoul Gladiator on Jan 18, 2021.
             Was a Believer of Okawaru.
             Mangled by a bunyip (32 damage)
             ... on level 9 of the Dungeon.
             The game lasted 00:08:49 (8784 turns).

Borgoz the Slasher (Ghoul Gladiator)                Turns: 8784, Time: 00:08:50

Health: -13/84     AC: 12    Str: 19    XL:     10   Next: 5%
Magic:  9/11       EV: 13    Int:  3    God:    Okawaru [**....]
Gold:   556        SH:  3    Dex: 13    Spells: 9/9 levels left

rFire    + + .     SeeInvis .   p - +6 long sword of Indomitability {drain, +Blink +Rage rN+}
rCold    + + .     Faith    .   n - +0 buckler
rNeg     + + +     Spirit   .   d - +2 ring mail {rF+}
rPois    ∞         Reflect  .   c - +1 helmet
rElec    .         Harm     .   t - +0 cloak
rCorr    .         Rampage  .   (no gloves)
Will     .....                  (no boots)
Stlth    +++.......             (no amulet)
HPRegen  0.00/turn              k - ring of stealth
MPRegen  0.12/turn              e - ring of Serendipity {rF+ rC+ Stlth+}

@: no status effects
A: claws 1, cold resistance 1, negative energy resistance 3, inhibited
regeneration, torment resistance, unbreathing
a: Renounce Religion, Evoke Blink, Heroism


You were on level 9 of the Dungeon.
You worshipped Okawaru.
Okawaru was pleased with you.
You visited 2 branches of the dungeon, and saw 10 of its levels.

You collected 1171 gold pieces.
You spent 615 gold pieces at shops.

Inventory:

Hand Weapons
 p - the +6 long sword of Indomitability (weapon) {drain, +Blink +Rage rN+}
   (You found it on level 6 of the Dungeon)

   A truly terrible weapon, it drains the life of those it strikes.
   It protects you from negative energy.
   It lets you blink.
   It lets you go berserk.
Missiles
 q - a throwing net (quivered)
Armour
 c - a +1 helmet (worn)
 d - a +2 ring mail of fire resistance (worn)
 n - a +0 buckler (worn)
 t - a +0 cloak (worn)
Jewellery
 e - the ring of Serendipity (right claw) {rF+ rC+ Stlth+}
   (You bought it in a shop on level 6 of the Dungeon)

   [ring of protection from fire]

   It protects you from fire.
   It protects you from cold.
   It makes you more stealthy.
 k - a ring of stealth (left claw)
Wands
 b - a wand of acid (20)
 g - a wand of flame (18)
 u - a wand of polymorph (3)
 v - a wand of iceblast (11)
Scrolls
 a - 4 scrolls of identify
 j - 3 scrolls of remove curse
 l - a scroll of magic mapping
 m - 4 scrolls of blinking
 o - 2 scrolls of fear
Potions
 f - a potion of resistance
 h - a potion of magic {unknown}
 i - a potion of flight
 r - a potion of brilliance {unknown}
 s - 2 potions of might {unknown}


   Skills:
 + Level 6.3 Fighting
 * Level 7.5 Long Blades
 - Level 1.7 Throwing
 * Level 6.9 Armour
 * Level 6.3 Dodging
 + Level 2.9 Invocations


You had 9 spell levels left.
You didn't know any spells.
Your spell library contained the following spells:

 Spells                   Type           Power        Failure   Level
 Corona                   Hex            0%           86%         1
 Ensorcelled Hibernation  Hex/Ice        0%           94%         2
 Confusing Touch          Hex            0%           99%         3
 Dazzling Flash           Conj/Hex       0%           99%         3
 Gell's Gravitas          Tloc           0%           99%         3
 Tukima's Dance           Hex            0%           99%         3
 Petrify                  Tmut/Erth      0%           100%        4
 Metabolic Englaciation   Hex/Ice        0%           100%        5
 Yara's Violent Unravell  Hex/Tmut       0%           100%        5


Dungeon Overview and Level Annotations

Branches:
Dungeon (9/15)             Temple (1/1) D:7
   Lair: D:8-11         Orc: D:9-12

Altars:
Ashenzari
Cheibriados
Dithmenos
Elyvilon
Fedhas
Gozag
Hepliaklqana
Kikubaaqudgha
Makhleb
Nemelex Xobeh
Okawaru
Qazlal
Ru
Sif Muna
Trog
Uskayaw
Vehumet
Wu Jian
Xom
Yredelemnul
Zin
The Shining One

Shops:
D:6 *

Annotations:
D:5 3 runed translucent doors, Jaiteiro's ghost, novice FoFi


Innate Abilities, Weirdness & Mutations

You thrive by killing the living.
You are immune to poison.
You have sharp fingernails.
Your flesh is cold resistant. (rC+)
You are immune to negative energy. (rN+++)
You do not regenerate when monsters are visible.
You are immune to unholy pain and torment.
You can survive without breathing.


Message History

The seven-headed hydra completely misses you.
The seven-headed hydra bites you.
The seven-headed hydra bites you but does no damage.
Evoke which item? (* to show all) (? for menu, Esc to quit)
Aiming: Polymorph
Press: ? - help, Shift-Dir - straight line, f/p - seven-headed hydra
Aim: a seven-headed hydra (will become a polar bear, a sea snake, or a bunyip, chance to affect: 15%)
The seven-headed hydra resists with almost no effort.
The seven-headed hydra bites you!
The seven-headed hydra bites you but does no damage. x3
The seven-headed hydra barely misses you.
The seven-headed hydra bites you. The seven-headed hydra bites you!
* * * LOW HITPOINT WARNING * * *
Evoke which item? (* to show all) (? for menu, Esc to quit)
Aiming: Polymorph
Press: ? - help, Shift-Dir - straight line, f/p - seven-headed hydra
Aim: a seven-headed hydra (will become a polar bear, a sea snake, or a bunyip, chance to affect: 15%)
The seven-headed hydra evaporates and reforms as a bunyip!
The bunyip claws you!!
You die...

#............#.'.
#............#
#.c
#............# ..
####'#########
#....## ####..#
#########'####
##............#
#....@........+
#..##x##.......#
#. #.YB##†.....#
#.###B#......#
.#..|..#.######
#.#.###.#.#
#..##...##..
#...##.# ... ....
..#'#


You could see a bunyip and a yak (drained).

Vanquished Creatures
  A deep elf mage (D:9)
  Grinder (D:3)
  2 orc warriors
  2 black bears
  An ice beast (D:7)
  4 ogres
  2 sky beasts (D:5)
  3 centaurs
  4 bullfrogs
  A water moccasin zombie (D:6)
  3 scorpions
  A howler monkey (D:5)
  A quasit (D:6)
  Crazy Yiuf (D:7)
  4 jellies
  5 hounds
  7 orc priests
  5 orc wizards
  7 worker ants
  A hound skeleton (D:8)
  A worker ant zombie (D:5)
  10 adders
  A shadow imp (D:5)
  A white imp (D:5)
  4 ufetubi
  An ooze (D:2)
  A worm (D:4)
  3 dart slugs
  3 leopard geckos
  32 orcs
  A ball python (D:5)
  7 bats
  11 giant cockroaches
  5 goblins
  2 hobgoblins (D:1)
  5 jackals
  3 quokkas
  3 frilled lizards
  A giant cockroach zombie (D:5)
  A jackal skeleton (D:7)
  5 kobolds
  A quokka zombie (D:5)
  7 rats
165 creatures vanquished.

Vanquished Creatures (others)
  4 plants (D:8)
4 creatures vanquished.

Grand Total: 169 creatures vanquished

Notes
Turn   | Place    | Note
-------+----------+-------------------------------------------
     0 | D:1      | Borgoz the Ghoul Gladiator began the quest for the Orb.
     0 | D:1      | Reached XP level 1. HP: 17/17 MP: 0/0
   111 | D:1      | Reached XP level 2. HP: 24/25 MP: 1/1
   200 | D:1      | Reached skill level 3 in Long Blades
   248 | D:1      | Reached skill level 1 in Armour
   435 | D:1      | Reached XP level 3. HP: 28/30 MP: 2/2
  1453 | D:2      | Reached XP level 4. HP: 18/37 MP: 3/3
  2077 | D:3      | Noticed Grinder
  2094 | D:3      | Reached XP level 5. HP: 32/45 MP: 4/4
  2114 | D:3      | Killed Grinder
  2115 | D:3      | Reached skill level 4 in Long Blades
  2115 | D:3      | Reached XP level 6. HP: 20/52 MP: 5/5
  2858 | D:4      | Reached XP level 7. HP: 51/58 MP: 6/6
  3694 | D:5      | Entered Level 5 of the Dungeon
  3781 | D:5      | Found a runed translucent gate.
  3781 | D:5      | Found a runed translucent gate.
  3781 | D:5      | Found a runed translucent gate.
  3784 | D:5      | Noticed Jaiteiro's ghost (novice FoFi)
  4073 | D:5      | HP: 1/59 [sky beast (5)]
  4105 | D:5      | Reached skill level 5 in Long Blades
  4400 | D:5      | Found a radiant altar of Vehumet.
  4403 | D:5      | Found a basalt altar of Yredelemnul.
  4403 | D:5      | Found a snail-covered altar of Cheibriados.
  4412 | D:5      | Found a shimmering altar of Xom.
  4816 | D:5      | Reached XP level 8. HP: 67/67 MP: 7/7
  5113 | D:5      | Found an ornate altar of the Wu Jian Council.
  5505 | D:6      | Reached skill level 5 in Armour
  5905 | D:6      | Identified a scroll of acquirement
  5906 | D:6      | Acquired 662 gold pieces
  5942 | D:6      | Found Amefic's General Store.
  5946 | D:6      | Reached skill level 5 in Fighting
  6011 | D:6      | Bought the ring of Serendipity {rF+ rC+ Stlth+} for 501
                  | gold pieces
  6011 | D:6      | Bought a scroll of identify for 24 gold pieces
  6011 | D:6      | Bought a scroll of blinking for 90 gold pieces
  6113 | D:6      | Reached skill level 6 in Long Blades
  6199 | D:6      | Found the +3 hat of Pondering {ponderous, Will+ MP+10
                  | Int+5}
  6213 | D:6      | Got a faintly glowing long sword
  6214 | D:6      | Identified the +6 long sword of Indomitability {drain,
                  | +Blink +Rage rN+} (You found it on level 6 of the Dungeon)
  6693 | D:7      | Found a staircase to the Ecumenical Temple.
  6702 | Temple   | Entered the Ecumenical Temple
  6850 | Temple   | Became a worshipper of Warmaster Okawaru
  6897 | D:7      | Reached XP level 9. HP: 35/74 MP: 8/8
  6904 | D:7      | Reached skill level 5 in Dodging
  6904 | D:7      | Reached skill level 1 in Invocations
  7135 | D:7      | Found a stormy altar of Qazlal.
  7280 | D:7      | Reached * piety under Okawaru
  7432 | D:7      | Found a runed translucent door.
  7433 | D:7      | Noticed Crazy Yiuf
  7965 | D:7      | Killed Crazy Yiuf
  8196 | D:8      | Noticed a death yak
  8198 | D:8      | Noticed a death yak
  8200 | D:8      | Noticed a death yak
  8315 | D:9      | Reached skill level 7 in Long Blades
  8703 | D:9      | Reached ** piety under Okawaru
  8765 | D:9      | Noticed a deep elf mage
  8765 | D:9      | Noticed a seven-headed hydra
  8779 | D:9      | Killed a deep elf mage
  8780 | D:9      | Reached XP level 10. HP: 71/84 MP: 9/11
  8784 | D:9      | Noticed a bunyip
  8784 | D:9      | a seven-headed hydra changed into a bunyip
  8784 | D:9      | Mangled by a bunyip

Illustrated notes

Levels and vault maps discovered:
D:1:      dpeg_arrival_rooms_a, layout_basic
D:2:      layout_loops_ring
D:3:      layout_rooms, uniq_grinder
D:4:      layout_basic
D:5:      layout_loops_corners, grunt_temple_overflow_open,
          nzn_wu_jian_council_hall, gammafunk_ghost_necromancy
D:6:      layout_basic, serial_shops, nicolae_shop_statue_plus,
          minmay_diced_spiral
D:7:      layout_loops_ring, marbit_many_paths, minmay_temple_entry_overgrown,
          hangedman_abyss_or_decor_passed, uniq_crazy_yiuf_cottage
D:8:      corexii_shack_village, layout_loops_ring, dpeg_lair_monsters
D:9:      layout_roguey, serial_shops, nicolae_shop_competitors_out_of_business,
          basic_altar, chequers_serial_rivers_room_a, minmay_checkerbox,
          uniq_prince_ribbit1, uniq_grum
Temple:   eino_temple_rhombus

Skill      XL: |  1  2  3  4  5  6  7  8  9 |
---------------+----------------------------+-----
Long Blades    | 3 4 5 6 7 |  7.5
Armour         | 1 2 3 4 5 6 |  6.9
Dodging        | 3 4 6 |  6.3
Fighting       | 3 4 5 6 |  6.3
Invocations    | 2 |  2.9
Throwing       | |  1.7

Action                   |  1- 3 |  4- 6 |  7- 9 | 10-12 || total
-------------------------+-------+-------+-------+-------++-------
Melee: Long sword        |   101 |    98 |   335 |     2 ||   536
Throw: Throwing net      |       |       |     5 |       ||     5
Evoke: Wand              |       |       |       |     3 ||     3
  Use: Potion            |       |     3 |     1 |       ||     4
       Scroll            |       |     5 |    10 |       ||    15
 Stab: Sleeping          |       |     1 |    14 |       ||    15
       Held in net/web   |       |       |     2 |       ||     2
       Distracted        |       |       |     1 |       ||     1
Armor: Leather armour    |    33 |    22 |       |       ||    55
       Scale mail        |       |    19 |    44 |       ||    63
       Ring mail         |       |     5 |   101 |     4 ||   110
Dodge: Dodged            |    81 |   112 |   177 |     4 ||   374
Block: Buckler           |       |       |    43 |       ||    43
       Rpst.: Long sword |    24 |    38 |    46 |       ||   108
